Map: [ESL] Inside and Out

Players

LiquidClem (Clem) - Winner!

  • Race: Terran Terran
  • Spawn Location: 1:00

Lambo

  • Race: Zerg Zerg
  • League: Master
  • Spawn Location: 7:00

Event: HomeStory Cup XXI

VOD

Have the link to the VOD?

Description

Time

  • Played on: July 24, 2022, 7:36 a.m.
  • Length: 13:44

All games in this series

Show
View Real Time Build Order
Export as new Build Order

LiquidClem Terran - Winner!

Build Orders: Reaper Expand 

Get SALT Encoding   

  12  0:00  SCV  
  13  0:12  SCV  
  14  0:16  Supply Depot  
  14  0:24  SCV  
  15  0:38  SCV  
  15  0:39  Barracks  
  15  0:42  Refinery  
  16  0:50  SCV  
  17  1:02  SCV  
  18  1:14  SCV  
  19  1:26  Orbital Command, Reaper  
  20  1:39  Command Center  
  20  1:46  Supply Depot  
  20  1:52  SCV  
  21  1:57  Marine  
  22  2:04  SCV  
  23  2:09  Factory  
  23  2:16  SCV  
  23  2:17  Refinery  
  23  2:19  Barracks Reactor  
  24  2:28  SCV  
  25  2:40  SCV  
  26  2:50  Orbital Command  
  26  2:52  Hellion, SCV  
  26  2:54  Starport  
  26  2:56  Marine x2  
  31  3:04  SCV  
  32  3:14  Marine x2, Widow Mine  
  32  3:16  SCV x2  
  38  3:21  Supply Depot  
  38  3:28  SCV  
  38  3:29  SCV  
  38  3:30  Medivac  
  42  3:40  SCV  
  43  3:42  SCV  
  43  3:43  Hellion x2  
  43  3:46  Barracks Tech Lab, Supply Depot  
  48  3:53  SCV  
  48  3:54  SCV  
  50  4:04  Marine, Stimpack  
  50  4:05  SCV  
  50  4:06  Hellion  
  50  4:08  Hellion, SCV  
  57  4:10  Supply Depot  
  57  4:17  SCV  
  57  4:20  SCV  
  57  4:22  Marine  
  60  4:28  Command Center  
  60  4:29  SCV  
  61  4:32  SCV  
  61  4:35  Supply Depot  
  61  4:36  Starport Reactor  
  62  4:41  Barracks, SCV  
  62  4:44  SCV, Factory Tech Lab  
  64  4:48  Barracks, Marine  
  65  4:53  SCV  
  65  4:56  SCV  
  67  5:01  Supply Depot  
  67  5:05  SCV  
  67  5:06  Marine  
  69  5:07  Engineering Bay  
  69  5:08  SCV  
  69  5:09  Engineering Bay  
  69  5:11  Refinery  
  69  5:12  Refinery  
  70  5:17  SCV  
  70  5:19  Starport Reactor  
  70  5:20  SCV  
  70  5:23  Marine  
  70  5:25  Siege Tank  
  74  5:30  SCV  
  74  5:34  SCV, Marine x2  
  74  5:35  Terran Infantry Armor Level 1, Terran Infantry Weapons Level 1  
  78  5:36  Marine  
  78  5:37  Marine  
  80  5:43  SCV  
  80  5:45  Armory, Marine  
  80  5:46  SCV, Supply Depot  
  80  5:49  Combat Shield  
  83  5:52  Marine x2  
  83  5:56  Medivac x2  
  89  5:57  SCV, Marine  
  89  6:00  Marine  
  92  6:04  Orbital Command  
  92  6:06  SCV  
  92  6:07  Marine  
  92  6:09  SCV  
  92  6:10  Supply Depot  
  95  6:11  Siege Tank  
  95  6:15  Marine  
  95  6:16  Marine  
  100  6:18  SCV  
  100  6:20  Marine x2  
  100  6:21  SCV  
  100  6:24  Supply Depot  
  100  6:25  Marine  
  105  6:31  SCV  
  105  6:32  SCV, Marine  
  107  6:33  SCV, Supply Depot  
  107  6:35  Supply Depot, Marine  
  107  6:38  Marine  
  111  6:40  Medivac x2  
  111  6:42  Marine  
  115  6:48  SCV, Siege Tank  
  115  6:50  Marine  
  115  6:53  Barracks x2  
  119  6:54  SCV  
  119  6:57  Drilling Claws  
  119  6:58  SCV  
  121  7:01  Refinery  
  121  7:03  Factory  
  121  7:06  Marine  
  121  7:07  SCV  
  123  7:10  Marine  
  123  7:11  Medivac  
  123  7:12  Marine, Medivac  
  123  7:14  SCV, Supply Depot  
  123  7:15  SCV  
  131  7:17  Marine  
  131  7:19  SCV  
  131  7:20  Marine  
  134  7:24  Marine  
  134  7:28  Marine  
  129  7:30  Marine  
  129  7:31  Siege Tank  
  129  7:34  Marine  
  129  7:35  Terran Infantry Weapons Level 2  
  132  7:38  Marine, Supply Depot  
  132  7:41  Command Center  
  132  7:42  Marine  
  134  7:47  Barracks Reactor  
  134  7:48  Barracks Reactor  
  134  7:50  Marine x2  
  134  7:51  Supply Depot  
  136  7:54  Factory Tech Lab  
  136  7:57  Terran Infantry Armor Level 2  
  136  7:59  Refinery  
  136  8:01  Supply Depot  
  136  8:03  Marine  
  136  8:05  Marine  
  138  8:07  Marine, Supply Depot  
  138  8:08  Marine  
  138  8:10  Siege Tank  
  143  8:15  Marine  
  143  8:18  SCV  
  143  8:19  SCV  
  146  8:21  Marine  
  146  8:23  Marine x2  
  146  8:24  Siege Tank, Marine  
  146  8:25  Marine, Supply Depot, Sensor Tower  
  153  8:31  Marine x2  
  153  8:33  Marine x2  
  157  8:39  Marine  
  157  8:40  Marine  
  158  8:41  Marine x2  
  158  8:42  Siege Tank  
  158  8:43  Marine  
  164  8:49  Marine  
  164  8:53  Barracks  
  164  8:54  Barracks x2  
  164  8:55  Marine  
  165  8:57  Siege Tank  
  165  8:58  Marine x2  
  165  8:59  Marine  
  165  9:00  Marine  
  170  9:04  Marine  
  168  9:11  Marine x3  
  168  9:12  Marine  
  168  9:14  Siege Tank  
  168  9:15  Marine  
  168  9:16  Marine  
  177  9:17  Medivac x2  
  177  9:18  SCV  
  177  9:20  Planetary Fortress  
  177  9:22  Marine  
  177  9:23  SCV  
  182  9:27  Concussive Shells  
  182  9:32  Siege Tank  
  182  9:36  Marine  
  182  9:38  SCV x3  
  183  9:46  Siege Tank  
  183  9:47  Supply Depot  
  183  9:48  Supply Depot  
  183  9:50  Barracks Tech Lab x2, Supply Depot  
  185  9:54  SCV  
  185  9:55  SCV  
  185  9:58  Terran Infantry Weapons Level 3  
  187  10:03  Supply Depot  
  187  10:08  Barracks Tech Lab  
  187  10:09  Marine  
  187  10:10  Supply Depot, Siege Tank, Marine  
  192  10:14  Sensor Tower  
  192  10:19  Refinery x2, SCV x2  
  192  10:20  Marine  
  195  10:27  SCV  
  187  10:33  Medivac  
  187  10:34  Siege Tank, Marine  
  187  10:35  Marine  
  169  10:44  Medivac, Marauder  
  169  10:45  Marine, Marauder  
  169  10:46  Marine x2  
  169  10:49  SCV x2, Supply Depot  
  180  10:52  SCV  
  180  10:54  Command Center  
  178  10:59  Ghost Academy  
  178  11:00  Marine x2, Marauder x2  
  181  11:05  Medivac  
  181  11:06  Siege Tank  
  181  11:07  Marine  
  182  11:13  Marine  
  182  11:14  Medivac  
  182  11:15  Marine  
  182  11:16  Marine  
  182  11:17  Factory Tech Lab  
  181  11:19  Marauder x2  
  181  11:21  Marine  
  185  11:27  SCV  
  185  11:32  Marine x2  
  186  11:33  Marine  
  186  11:34  SCV  
  186  11:38  Siege Tank  
  192  11:43  Siege Tank  
  192  11:44  Marine  
  194  11:48  Marine x2  
  194  11:51  Marine  
  170  11:58  Marine x3, Marauder, Liberator x2  
  170  11:59  Marine  
  167  12:07  Marine x2, Marauder  
  171  12:10  Siege Tank  
  171  12:12  Marine x2  
  171  12:13  Marine  
  171  12:14  Marine  
  164  12:15  Siege Tank, Marine  
  164  12:16  Marine  
  164  12:20  Marauder  
  164  12:21  Marine  
  164  12:22  Marine  
  162  12:24  Marine x2  
  162  12:28  Marine  
  162  12:29  Marine  
  159  12:30  Marine  
  159  12:31  Ghost, Marine  
  159  12:34  Marine  
  159  12:35  Marine  
  155  12:38  Planetary Fortress  
  155  12:39  Marine  
  155  12:40  Marine  
  155  12:42  Siege Tank  
  155  12:43  Marine  
  161  12:48  Siege Tank  
  161  12:51  Marine, Medivac  
  158  12:52  Marine  
  158  12:55  Marine x2  
  158  12:57  Marine  
  155  13:03  Marine  
  155  13:05  Marine  
  147  13:06  Marine  
  143  13:19  Marine  
  147  13:20  Marine x2, Widow Mine  
  147  13:22  Marine x2  
Show
View Real Time Build Order
Export as new Build Order

Lambo Zerg 

Build Orders: Pool First 

Get SALT Encoding   

  12  0:00  Drone  
  13  0:12  Overlord  
  13  0:17  Drone  
  14  0:30  Drone x2  
  14  0:34  Drone  
  17  0:42  Spawning Pool  
  17  0:46  Drone  
  17  1:06  Hatchery  
  17  1:09  Drone  
  17  1:12  Drone  
  17  1:15  Extractor  
  17  1:18  Drone  
  18  1:29  Queen, Zergling x2  
  21  1:40  Overlord  
  21  1:48  Drone  
  22  1:59  Drone  
  23  2:05  Queen  
  25  2:11  Drone  
  26  2:17  Hatchery  
  26  2:20  Drone  
  26  2:21  Drone  
  27  2:30  Metabolic Boost  
  27  2:32  Drone  
  28  2:37  Drone  
  28  2:39  Drone x2  
  28  2:43  Drone  
  28  2:44  Drone  
  33  2:49  Overlord  
  33  2:56  Queen  
  33  2:57  Drone  
  36  3:06  Queen  
  36  3:10  Drone x3  
  36  3:12  Drone  
  42  3:13  Drone  
  43  3:23  Drone  
  43  3:26  Overlord  
  43  3:28  Overlord  
  43  3:31  Queen  
  43  3:32  Queen  
  47  3:35  Drone  
  47  3:39  Zergling x2  
  47  3:40  Overlord  
  49  3:44  Overlord  
  49  3:51  Zergling x4  
  49  3:52  Overlord, Zergling x2  
  53  3:55  Drone x3  
  53  3:59  Drone  
  56  4:05  Overlord  
  56  4:07  Drone  
  56  4:08  Drone x3  
  60  4:15  Overlord  
  60  4:16  Drone x4  
  64  4:19  Drone  
  64  4:21  Queen  
  67  4:26  Drone x3  
  70  4:34  Zergling x4  
  70  4:36  Zergling x2  
  73  4:39  Lair  
  73  4:40  Spore Crawler  
  73  4:42  Extractor  
  71  4:47  Drone x3  
  71  4:51  Baneling Nest  
  73  4:54  Zergling x4  
  73  4:56  Drone x7  
  83  5:02  Baneling Nest, Drone x3  
  83  5:08  Queen  
  83  5:09  Queen  
  86  5:22  Drone x8  
  86  5:27  Drone  
  95  5:28  Extractor  
  95  5:29  Evolution Chamber, Extractor  
  95  5:32  Evolution Chamber  
  95  5:34  Zergling x2  
  95  5:35  Drone x3  
  95  5:36  Hatchery  
  95  5:37  Centrifugal Hooks  
  95  5:42  Drone x2  
  97  5:44  Extractor  
  97  5:47  Extractor  
  95  5:52  Drone x2  
  95  5:55  Overlord  
  97  5:59  Overlord  
  97  6:00  Overlord  
  97  6:02  Overlord, Zerg Melee Weapons Level 1, Zerg Ground Armor Level 1  
  97  6:05  Overlord  
  97  6:07  Overlord  
  97  6:08  Overlord  
  97  6:11  Overlord  
  97  6:16  Drone x3  
  98  6:19  Zergling x6  
  98  6:20  Hydralisk Den  
  98  6:22  Queen  
  98  6:24  Drone x5  
  107  6:31  Zergling x2  
  107  6:32  Baneling x4  
  108  6:36  Hatchery  
  107  6:41  Zergling x8  
  109  6:47  Zergling x2  
  109  6:48  Zergling x8  
  109  6:53  Zergling x6  
  117  6:55  Baneling x4  
  117  6:57  Drone x3, Queen  
  117  7:00  Grooved Spines, Hydralisk x3  
  128  7:01  Baneling x2  
  128  7:04  Hydralisk  
  128  7:08  Baneling x2  
  130  7:11  Hydralisk x5, Overseer  
  140  7:21  Baneling x3  
  140  7:26  Zergling x14  
  139  7:32  Baneling  
  139  7:34  Drone x5  
  139  7:36  Extractor  
  144  7:37  Drone x4  
  144  7:38  Spore Crawler  
  144  7:40  Drone x3  
  144  7:44  Zergling x2  
  150  7:45  Baneling x4  
  150  7:48  Zergling x10  
  155  7:55  Drone x2  
  155  7:56  Drone x2  
  159  7:59  Zerg Ground Armor Level 2, Zerg Melee Weapons Level 2  
  159  8:02  Infestation Pit, Hydralisk x2  
  159  8:05  Overlord x5  
  162  8:07  Overlord  
  162  8:10  Baneling x2  
  162  8:11  Baneling x3, Muscular Augments  
  162  8:13  Spore Crawler, Overlord  
  162  8:15  Overlord  
  162  8:17  Overlord  
  160  8:20  Overlord  
  160  8:21  Overlord  
  160  8:24  Overlord  
  160  8:25  Zergling x16  
  166  8:28  Baneling x7  
  166  8:30  Zergling x6  
  166  8:33  Hydralisk x2  
  173  8:36  Zergling x6  
  173  8:37  Zergling x2  
  177  8:43  Zergling x2  
  177  8:44  Zergling x16  
  177  8:47  Zergling x2  
  186  8:52  Zergling x4  
  186  8:53  Baneling x8  
  187  8:56  Zergling x6  
  187  9:00  Zergling x8  
  193  9:04  Zergling x6  
  193  9:08  Zergling x8  
  180  9:11  Hive  
  180  9:13  Zergling x6  
  180  9:18  Zergling x10  
  181  9:25  Baneling x12  
  181  9:26  Baneling x8  
  181  9:29  Zergling x10  
  181  9:30  Baneling x6  
  186  9:37  Zergling x12  
  181  9:40  Zergling x6  
  173  9:49  Zergling x16  
  179  9:54  Zergling x2  
  180  10:01  Zergling x8  
  180  10:04  Baneling  
  180  10:05  Baneling x9  
  184  10:07  Hydralisk  
  184  10:08  Zergling x8  
  184  10:11  Zergling x14  
  197  10:16  Zergling x4  
  197  10:21  Overlord  
  199  10:26  Zergling x8  
  189  10:32  Zergling x10  
  188  10:38  Zergling x18  
  188  10:41  Viper x2  
  181  10:43  Zerg Ground Armor Level 3, Zerg Melee Weapons Level 3  
  181  10:46  Baneling  
  181  10:47  Baneling x7  
  181  10:48  Hydralisk  
  181  10:53  Zergling x4  
  181  10:54  Zergling x4  
  183  10:58  Zergling x2  
  182  11:06  Zergling x22  
  188  11:14  Zergling x12  
  188  11:18  Baneling x13  
  175  11:20  Zergling x2  
  172  11:28  Zergling x16  
  172  11:32  Baneling x13  
  172  11:34  Zergling x12  
  172  11:38  Zergling x10  
  183  11:41  Zergling x4  
  180  11:50  Zergling x2  
  180  11:51  Zergling x8  
  168  11:56  Hydralisk x8  
  168  12:02  Zergling x6  
  168  12:03  Baneling x9  
  168  12:04  Zergling x2  
  168  12:05  Zergling x10  
  168  12:06  Queen  
  172  12:11  Zergling x8  
  172  12:14  Zergling x6  
  158  12:22  Zergling x2  
  144  12:24  Zergling x2  
  144  12:25  Zergling x8  
  144  12:26  Hydralisk x2  
  144  12:29  Pneumatized Carapace  
  145  12:34  Hydralisk x8  
  145  12:36  Baneling x2  
  159  12:37  Queen x2  
  159  12:38  Zergling x2  
  159  12:39  Extractor  
  159  12:40  Baneling x3  
  159  12:42  Zergling x2  
  159  12:43  Baneling x6  
  162  12:51  Zergling x10  
  159  12:54  Zergling x2  
  159  12:55  Zergling x6  
  159  12:56  Queen x2, Zergling x4  
  154  13:00  Zergling x6  
  154  13:05  Zergling x8  
  150  13:06  Hydralisk x3  
  150  13:12  Zergling x4  
  154  13:13  Baneling  
  154  13:14  Baneling x11  
  154  13:17  Zergling x6  
  156  13:23  Zergling x2  
  156  13:24  Zergling x8  
Tags
 
Add a new tag
Caveats
  • Supply blocks, unpowered buildings, or Contaminate may cause inaccurate times.
  • Supply counts are checked every 10 seconds.